 Dungeon Crawl Stone Soup version 0.19.1 (webtiles) character file.

1180 esteth the Reanimator (level 8, -6/54 HPs)
             Began as a Demonspawn Necromancer on Dec 17, 2016.
             Was an Initiate of Yredelemnul.
             Mangled by Milesaru's ghost (19 damage)
             ... on level 6 of the Dungeon.
             The game lasted 00:24:48 (7569 turns).

esteth the Reanimator (Demonspawn Necromancer)      Turns: 7569, Time: 00:24:49

Health: -6/54      AC:  8    Str:  8    XL:     8   Next: 18%
Magic:  4/17       EV: 12    Int: 20    God:    Yredelemnul [......]
Gold:   260        SH:  0    Dex: 18    Spells: 4 memorised, 11 levels left

rFire  . . .     SeeInvis +       - Unarmed
rCold  + . .     Gourm    .     h - +2 leather armour {rC+}
rNeg   . . .     Faith    .     (no shield)
rPois  .         Spirit   .     (no helmet)
rElec  .         Reflect  .     y - +0 cloak
rCorr  .         Harm     .     (gloves unavailable)
MR     .....                    i - +1 pair of boots
Stlth  ++........               (no amulet)
                                C - ring of the Frog {Dex+5 SInv}
                                d - ring of flight

@: very slightly contaminated, regenerating, drained
A: claws 3, demonic guardian 1, rot immunity, sturdy frame 2
a: Renounce Religion, Evoke Flight


You were on level 6 of the Dungeon.
You worshipped Yredelemnul.
Yredelemnul was noncommittal.
You were not hungry.

You visited 1 branch of the dungeon, and saw 6 of its levels.

You collected 260 gold pieces.

Inventory:

Hand Weapons
 g - a +3 dagger of venom
Armour
 a - a +0 robe
 h - a +2 leather armour of cold resistance (worn)
 i - a +1 pair of boots (worn)
 j - a +0 buckler
 k - a +0 pair of gloves
 y - a +0 cloak (worn)
Jewellery
 d - a ring of flight (left claw)
 m - an uncursed amulet of guardian spirit
 p - an uncursed ring of fire
 C - the ring of the Frog (right claw) {Dex+5 SInv}
   (You found it on level 5 of the Dungeon)

   [ring of see invisible]

   It affects your dexterity (+5).
   It lets you see invisible.
Wands
 D - a wand of acid (8/15)
Scrolls
 s - a scroll of remove curse
 t - a scroll of random uselessness
 u - a scroll of magic mapping {unknown}
 v - a scroll of amnesia {unknown}
 A - a scroll of teleportation {unknown}
 B - a scroll of immolation {unknown}
Potions
 e - 2 potions of invisibility {unknown}
 l - a potion of might
 n - a potion of curing {unknown}
 o - 2 potions of brilliance {unknown}
 r - a potion of magic {unknown}
 x - a potion of lignification {unknown}
 z - a potion of cure mutation {unknown}
Books
 b - a book of Necromancy

   Spells                             Type                      Level
   a - Pain                           Necromancy                   1
   b - Animate Skeleton               Necromancy                   1
   c - Vampiric Draining              Necromancy                   3
   d - Regeneration                   Charms/Necromancy            3
   e - Animate Dead                   Necromancy                   4
   f - Control Undead                 Necromancy                   4
Comestibles
 c - 5 bread rations
 f - a beef jerky
 q - a slice of pizza
 w - 2 meat rations


   Skills:
 + Level 1.2(1.0) Fighting
 + Level 2.1(1.9) Dodging
 - Level 1.7(1.5) Stealth
 * Level 1.7(1.5) Unarmed Combat
 - Level 6.2(6.0) Spellcasting
 - Level 8.5(8.2) Necromancy


You had 11 spell levels left.
You knew the following spells:

 Your Spells              Type           Power        Failure   Level  Hunger
a - Pain                  Necr           ####         1%          1    None
b - Animate Skeleton      Necr           N/A          1%          1    None
c - Vampiric Draining     Necr           #####.....   1%          3    ##.....
d - Regeneration          Chrm/Necr      ###.......   8%          3    ##.....


Dungeon Overview and Level Annotations

Branches:
Dungeon (6/15)
 Temple: D:4-7

Altars:
Ashenzari
Elyvilon
Qazlal
Yredelemnul
The Shining One

Annotations:
D:4 exclusion: downstairs, Sigmund
D:6 Milesaru's ghost, novice TrMo


Innate Abilities, Weirdness & Mutations

You have claws for hands.
A weak demonic guardian rushes to your aid.
You are immune to rotting.
Your movements are less encumbered by armour. (ER -4)


Message History

Casting: Regeneration
Confirm with . or Enter, or press ? or * to list all spells.
Your skin crawls.
Your iron imp disappears in a puff of smoke!
You scratch Milesaru's ghost.
Milesaru's ghost is lightly damaged.
Milesaru's ghost barely misses you.
The crimson imp blinks!
You scratch Milesaru's ghost.
Milesaru's ghost is lightly damaged.
Milesaru's ghost hits you!
The crimson imp blinks!
You scratch Milesaru's ghost.
Milesaru's ghost is lightly damaged.
Milesaru's ghost closely misses you.
The crimson imp blinks!
You closely miss Milesaru's ghost.
Milesaru's ghost is lightly damaged.
Milesaru's ghost hits you!!
* * * LOW HITPOINT WARNING * * *
Milesaru's ghost hits you!!
You die...
Your body rises from the dead as a mindless zombie.

................#### ...
#......#..###......# ...
####......###......#.....
#................#.....
....####.###......#.....
####.# #.# ##.#.........
#.# #..###(#.#....... #.#
##....(..).......
.......5.@#.......
.....#.§).W.......
####.....$........
#.......†))...>.
.5..##...........
.................
..####.........##
..........# ............


You could see Milesaru's ghost, a crimson imp and a friendly white imp.

Vanquished Creatures
  A hippogriff (D:5)
  Duvessa (D:4)
  An ice beast (D:5)
  A scorpion (D:5)
  A wight (D:6)
  A crimson imp (D:5)
  A jelly (D:4)
  An orc priest (D:5)
  An iguana (D:4)
  2 orc wizards (D:5)
  4 worker ants
  7 gnolls (D:5)
  5 adders
  A shadow imp (D:5)
  2 oozes
  3 worms
  A dart slug (D:1)
  A leopard gecko (D:4)
  6 orcs
  2 ball pythons (D:1)
  5 giant cockroaches
  15 goblins
  10 hobgoblins
  2 jackals (D:3)
  14 kobolds
  A quokka (D:5)
  4 bats
  4 frilled lizards
  6 rats
104 creatures vanquished.

Vanquished Creatures (collateral kills)
  A sky beast (D:6)
  A centaur (D:5)
  A big kobold (D:6)
  Dowan (D:4)
  A howler monkey (D:5)
  A hound (D:4)
  A gnoll shaman (D:5)
  An orc priest (D:5)
  A hound zombie (D:5)
  A gnoll (D:5)
  2 orcs (D:5)
  A jackal zombie (D:5)
  2 kobolds (D:6)
  A quokka zombie (D:5)
16 creatures vanquished.

Vanquished Creatures (others)
  A worm (D:3)
1 creature vanquished.

Grand Total: 121 creatures vanquished

Notes
Turn   | Place    | Note
-------+----------+-------------------------------------------
     0 | D:1      | esteth the Demonspawn Necromancer began the quest for the Orb.
     0 | D:1      | Reached XP level 1. HP: 13/13 MP: 3/3
     2 | D:1      | Learned a level 1 spell: Animate Skeleton
   409 | D:1      | Gained mutation: You are immune to rotting. [demonic ancestry]
   409 | D:1      | Reached XP level 2. HP: 16/19 MP: 0/5
   905 | D:1      | Reached skill level 5 in Necromancy
   909 | D:1      | Gained mutation: You have sharp fingernails. [demonic ancestry]
   909 | D:1      | Reached XP level 3. HP: 5/24 MP: 0/7
  1155 | D:1      | Learned a level 3 spell: Vampiric Draining
  2762 | D:2      | Gained mutation: A weak demonic guardian rushes to your aid. [demonic ancestry]
  2762 | D:2      | Reached XP level 4. HP: 7/30 MP: 1/8
  2764 | D:2      | HP: 1/30 [poisoned by an adder]
  4303 | D:3      | Found a stormy altar of Qazlal.
  4727 | D:4      | Noticed Sigmund
  4732 | D:4      | Reached skill level 6 in Necromancy
  4732 | D:4      | Gained mutation: You have very sharp fingernails. [demonic ancestry]
  4732 | D:4      | Reached XP level 5. HP: 31/35 MP: 5/10
  5385 | D:4      | Noticed Dowan
  5387 | D:4      | Noticed Duvessa
  5399 | D:4      | Killed Dowan
  5401 | D:4      | Killed Duvessa
  5401 | D:4      | Gained mutation: Your movements are slightly less encumbered by armour. (ER -2) [demonic ancestry]
  5401 | D:4      | Reached XP level 6. HP: 9/41 MP: 0/12
  5707 | D:4      | Found a shattered altar of Ashenzari.
  5787 | D:4      | Learned a level 3 spell: Regeneration
  5806 | D:5      | Entered Level 5 of the Dungeon
  5806 | D:5      | Noticed a hippogriff
  5857 | D:5      | Noticed an ice beast
  5865 | D:5      | Killed an ice beast
  5865 | D:5      | Reached skill level 7 in Necromancy
  5911 | D:5      | Reached skill level 5 in Spellcasting
  6157 | D:5      | Gained mutation: You have claws for hands. [demonic ancestry]
  6157 | D:5      | Reached XP level 7. HP: 31/46 MP: 9/14
  6370 | D:5      | Killed a hippogriff
  6370 | D:5      | Reached skill level 8 in Necromancy
  6431 | D:4      | HP: 2/46 [iguana (1)]
  6881 | D:5      | Gained mutation: Your movements are less encumbered by armour. (ER -4) [demonic ancestry]
  6881 | D:5      | Reached XP level 8. HP: 39/52 MP: 14/17
  7042 | D:5      | Found a glowing golden altar of the Shining One.
  7124 | D:5      | Got a twitching ivory ring
  7126 | D:5      | Identified the ring of the Frog {Dex+5 SInv} (You found it on level 5 of the Dungeon)
  7233 | D:5      | Found a basalt altar of Yredelemnul.
  7284 | D:5      | Found a white marble altar of Elyvilon.
  7339 | D:5      | Became a worshipper of Yredelemnul the Dark
  7477 | D:6      | Reached skill level 1 in Fighting
  7477 | D:6      | Reached skill level 1 in Unarmed Combat
  7559 | D:6      | Noticed Milesaru's ghost (novice TrMo)
  7569 | D:6      | Mangled by Milesaru's ghost

Skill      XL: |  1  2  3  4  5  6  7  8 |
---------------+-------------------------+-----
Necromancy     | 5 6 7 8 |  8.5
Spellcasting   | 3 4 5 6 |  6.2
Fighting       | 1 |  1.2
Dodging        | 2 |  2.1
Unarmed Combat | 1 |  1.7
Stealth        | |  1.7

Action                   |  1- 3 |  4- 6 |  7- 9 || total
-------------------------+-------+-------+-------++-------
Melee: Unarmed           |    10 |       |    24 ||    34
       Dagger            |     6 |    21 |    30 ||    57
 Cast: Pain              |    70 |    98 |    61 ||   229
       Animate Skeleton  |     4 |     1 |       ||     5
       Vampiric Draining |       |       |     2 ||     2
       Regeneration      |       |       |     1 ||     1
  Use: Scroll            |     3 |     2 |       ||     5
       Potion            |       |     4 |       ||     4
 Stab: Distracted        |       |       |     1 ||     1
  Eat: Chunk             |     6 |     5 |     5 ||    16
       Bread ration      |       |     1 |       ||     1
Armor: Robe              |     7 |       |       ||     7
       Leather armour    |     7 |    12 |    18 ||    37
Dodge: Dodged            |    33 |    19 |    52 ||   104
